 Dungeon Sprint DCSS version 0.23.2-30-g0e89c35649 (webtiles) character file.

Game seed: 12997746167217736658

1199 HASTUR3 the Slicer (level 8, -2/53 HPs)
             Began as a Tengu Monk on June 19, 2019.
             Was an Elder of Vehumet.
             Slain by a seven-headed hydra (13 damage)
             ... in the Dungeon (Sprint IX: "|||||||||||||||||||||||||||||").
             The game lasted 00:04:37 (784 turns).

HASTUR3 the Slicer (Tengu Monk)                      Turns: 784, Time: 00:04:39

Health: -2/53      AC:  5    Str: 13    XL:     8   Next: 44%
Magic:  9/9        EV: 23    Int: 14    God:    Vehumet [****..]
Gold:   3          SH:  0    Dex: 17    Spells: 6/7 levels left

rFire    . . .     SeeInvis .   m - +2 rapier (elec)
rCold    . . .     Gourm    .   (no shield)
rNeg     . . .     Faith    .   h - +0 leather armour
rPois    .         Spirit   .   (helmet restricted)
rElec    .         Reflect  .   (no cloak)
rCorr    .         Harm     .   (no gloves)
MR       .....     NoTele   +   (boots unavailable)
Stlth    +++.......             (no amulet)
HPRegen  0.17/turn              n - +2 ring of protection
MPRegen  0.11/turn              o - +3 ring of intelligence

@: flying quickly and evasively, quick
A: beak, talons 3, able to fly
a: Stop Flying, Renounce Religion


You were in the Dungeon.
You worshipped Vehumet.
Vehumet was greatly pleased with you.
You were not hungry.

You visited 1 branch You collected 3 gold pieces.

Inventory:

Hand Weapons
 m - a +2 rapier of electrocution (weapon)
Armour
 a - a +0 cloak
 h - a +0 leather armour (worn)
Jewellery
 n - a +2 ring of protection (left hand)
 o - a +3 ring of intelligence (right hand)
Wands
 l - a wand of iceblast (10)
Scrolls
 i - 4 scrolls of blinking
 j - 4 scrolls of remove curse
 k - 2 scrolls of amnesia
 r - 2 scrolls of enchant weapon
 s - a scroll of fog
Potions
 b - a potion of invisibility
 d - 5 potions of curing
 e - 6 potions of heal wounds
 f - 3 potions of haste
 g - 4 potions of magic
 p - a potion of berserk rage
 q - a potion of brilliance
Comestibles
 c - a ration


   Skills:
 * Level 7.3 Fighting
 + Level 13.9 Short Blades
 * Level 11.3 Dodging
 - Level 5.0 Stealth


You had 6 spell levels left.
You knew the following spells:

 Your Spells              Type           Power        Failure   Level  Hunger
a - Magic Dart            Conj           #...         11%         1    ##.....
Your spell library was empty.

Dungeon Overview and Level Annotations

Branches:
Dungeon (1/1)

Altars:
Cheibriados
Dithmenos
Elyvilon
Fedhas
Gozag
Hepliaklqana
Kikubaaqudgha
Makhleb
Nemelex Xobeh
Okawaru
Qazlal
Ru
Sif Muna
Trog
Uskayaw
Vehumet
Wu Jian
Xom
Yredelemnul
Zin
The Shining One
Beogh
Jiyva
Lugonu


Innate Abilities, Weirdness & Mutations

You have a beak for a mouth.
You have claws for feet.
You can fly continuously.


Message History

The seven-headed hydra barely misses you.
The seven-headed hydra closely misses you.
You hit the seven-headed hydra.
Your kick misses the seven-headed hydra.
The seven-headed hydra is moderately wounded.
You hit the seven-headed hydra. You peck the seven-headed hydra.
The seven-headed hydra is moderately wounded.
The seven-headed hydra closely misses you. x2
The seven-headed hydra bites you. The seven-headed hydra bites you! x2
* * * LOW HITPOINT WARNING * * *
The seven-headed hydra completely misses you.
The seven-headed hydra barely misses you.
Okay, then.
You feel much better. The seven-headed hydra misses you.
The seven-headed hydra bites you!
* * * LOW HITPOINT WARNING * * *
The seven-headed hydra closely misses you.
The seven-headed hydra barely misses you.
The seven-headed hydra bites you!
You die...

▓▓▓▓▓▓▓▓▓▓▓▓▓▓▓▓▓▓▓▓▓▓▓▓▓▓
.lF.rr†FD@..(|......'.....
▓▓▓▓▓▓▓▓▓▓▓▓▓▓▓▓▓▓▓▓▓▓▓▓▓▓▓▓▓▓▓▓▓
.................................
▓▓▓▓▓▓▓▓▓▓▓▓▓▓▓▓▓▓▓▓▓▓▓▓▓▓▓▓▓▓▓▓▓
__________________'....['.....)..
▓▓▓▓▓▓▓▓▓▓▓▓▓▓▓▓▓▓▓▓▓▓▓▓▓▓▓▓▓▓▓▓▓


You could see a seven-headed hydra, a spiny frog, a bullfrog and 2 porcupines.

Vanquished Creatures
  A hornet (D)
  A vampire (D)
  2 hungry ghosts (D)
  A water moccasin (D)
  An orc warrior (D)
  A phantom (D)
  A bullfrog (D)
  2 crimson imps (D)
  2 jellies (D)
  An orc priest (D)
  An orc wizard (D)
  2 worker ants (D)
  An orc (D)
  A bat (D)
  A giant cockroach (D)
  A goblin (D)
  2 hobgoblins (D)
  A quokka (D)
23 creatures vanquished.

Notes
Turn   | Place    | Note
-------+----------+-------------------------------------------
     0 | D        | HASTUR3 the Tengu Monk began the quest for the Orb.
     0 | D        | Reached XP level 1. HP: 14/14 MP: 2/2
    14 | D        | Reached skill level 4 in Short Blades
    14 | D        | Reached XP level 2. HP: 12/19 MP: 3/3
   127 | D        | Noticed a crimson imp
   127 | D        | Noticed a phantom
   133 | D        | Reached skill level 5 in Short Blades
   133 | D        | Reached skill level 5 in Dodging
   133 | D        | Reached XP level 3. HP: 23/23 MP: 4/4
   135 | D        | Reached skill level 6 in Short Blades
   137 | D        | Reached XP level 4. HP: 28/28 MP: 5/5
   139 | D        | Reached skill level 7 in Short Blades
   145 | D        | Killed a phantom
   145 | D        | Reached skill level 9 in Short Blades
   145 | D        | Gained mutation: You can fly continuously. [Tengu growth]
   145 | D        | Reached XP level 5. HP: 32/32 MP: 6/6
   302 | D        | Found a roughly hewn altar of Beogh.
   302 | D        | Found a snail-covered altar of Cheibriados.
   302 | D        | Found a shadowy altar of Dithmenos.
   302 | D        | Found a white marble altar of Elyvilon.
   302 | D        | Found a blossoming altar of Fedhas.
   302 | D        | Found an opulent altar of Gozag.
   303 | D        | Found a hazy altar of Hepliaklqana.
   304 | D        | Found a viscous altar of Jiyva.
   305 | D        | Found an ancient bone altar of Kikubaaqudgha.
   306 | D        | Found a corrupted altar of Lugonu.
   307 | D        | Found a burning altar of Makhleb.
   308 | D        | Found a sparkling altar of Nemelex Xobeh.
   309 | D        | Found an iron altar of Okawaru.
   310 | D        | Found a stormy altar of Qazlal.
   311 | D        | Found a sacrificial altar of Ru.
   312 | D        | Found a deep blue altar of Sif Muna.
   317 | D        | Found a bloodstained altar of Trog.
   318 | D        | Found a hide-covered altar of Uskayaw.
   319 | D        | Found a radiant altar of Vehumet.
   320 | D        | Found an ornate altar of the Wu Jian Council.
   321 | D        | Found a shimmering altar of Xom.
   322 | D        | Found a basalt altar of Yredelemnul.
   323 | D        | Found a glowing silver altar of Zin.
   324 | D        | Found a glowing golden altar of the Shining One.
   375 | D        | Became a worshipper of Vehumet
   375 | D        | Reached * piety under Vehumet
   375 | D        | Offered knowledge of Sandblast by Vehumet.
   375 | D        | Reached ** piety under Vehumet
   433 | D        | Noticed an orc warrior
   433 | D        | Noticed a hornet
   435 | D        | Reached skill level 5 in Stealth
   437 | D        | Reached skill level 10 in Short Blades
   437 | D        | Reached XP level 6. HP: 37/37 MP: 7/7
   449 | D        | Killed a hornet
   449 | D        | Reached *** piety under Vehumet
   449 | D        | Reached skill level 13 in Short Blades
   449 | D        | Reached XP level 7. HP: 32/41 MP: 8/8
   608 | D        | Noticed a hungry ghost
   608 | D        | Noticed a hungry ghost
   608 | D        | Noticed a vampire
   610 | D        | Offered knowledge of Magic Dart by Vehumet.
   613 | D        | Killed a vampire
   613 | D        | Reached skill level 5 in Fighting
   613 | D        | Reached skill level 10 in Dodging
   614 | D        | Reached **** piety under Vehumet
   621 | D        | Killed a hungry ghost
   621 | D        | Reached XP level 8. HP: 51/52 MP: 9/9
   640 | D        | Learned a level 1 spell: Magic Dart
   771 | D        | Noticed a spiny frog
   771 | D        | Noticed a seven-headed hydra
   777 | D        | Offered knowledge of Stone Arrow by Vehumet.
   781 | D        | HP: 2/53 [seven-headed hydra (16)]
   784 | D        | Slain by a seven-headed hydra

Skill      XL: |  1  2  3  4  5  6  7  8 |
---------------+-------------------------+-----
Dodging        | 4 5 6 9 10 11 | 11.3
Short Blades   | 4 5 6 9 10 13 | 13.9
Stealth        | 3 5 |  5.0
Fighting       | 6 7 |  7.3

Action                   |  1- 3 |  4- 6 |  7- 9 || total
-------------------------+-------+-------+-------++-------
Melee: Short sword       |    19 |     7 |       ||    26
       Kick              |     6 |     5 |     9 ||    20
       Peck              |     3 |     3 |     8 ||    14
       Rapier            |       |    15 |    38 ||    53
 Abil: Fly               |       |     1 |       ||     1
  Use: Potion            |     1 |       |     1 ||     2
 Stab: Sleeping          |       |       |     1 ||     1
  Eat: Chunk             |       |       |     2 ||     2
Armor: Robe              |     1 |       |       ||     1
       Leather armour    |       |     1 |     1 ||     2
Dodge: Dodged            |     7 |    10 |    25 ||    42
